 Dungeon Crawl Stone Soup version 0.24.0-123-gd5b16e6ec5 (webtiles) character file.

Game seed: 15789938837455506340, levelgen mode: deterministic

168 Curus the Cudgeler (level 5, 0/45 HPs)
             Began as a Minotaur Fighter on Jan 27, 2020.
             Killed by divine providence
             ... invoked by an orc priest
              (8 damage)
             ... on level 3 of the Dungeon.
             The game lasted 00:05:35 (1562 turns).

Curus the Cudgeler (Minotaur Fighter)               Turns: 1562, Time: 00:05:35

Health: 0/45       AC:  8    Str: 25    XL:     5   Next: 24%
Magic:  4/4        EV:  7    Int:  6    God:
Gold:   67         SH:  9    Dex: 10    Spells: 4/4 levels left

rFire    . . .     SeeInvis .   a - +0 flail
rCold    . . .     Gourm    .   c - +0 shield
rNeg     . . .     Faith    .   b - +0 scale mail
rPois    .         Spirit   .   (helmet restricted)
rElec    .         Reflect  .   e - +0 cloak
rCorr    .         Harm     .   (no gloves)
MR       .....                  (no boots)
Stlth    ..........             (no amulet)
HPRegen  0.15/turn              (no ring)
MPRegen  0.09/turn              (no ring)

@: mighty
A: retaliatory headbutt, horns 2
a: no special abilities


You were on level 3 of the Dungeon.
You were not hungry.

You visited 1 branch of the dungeon, and saw 3 of its levels.

You collected 67 gold pieces.

Inventory:

Hand Weapons
 a - a +0 flail (weapon)
Armour
 b - a +0 scale mail (worn)
 c - a +0 shield (worn)
 e - a +0 cloak (worn)
Scrolls
 g - a scroll of remove curse
 h - 3 scrolls of identify
 i - a scroll of fog
Potions
 d - a potion of might
 j - a potion of curing
Comestibles
 f - a ration
 k - a chunk of flesh


   Skills:
 - Level 3.6 Fighting
 + Level 6.7 Maces & Flails
 - Level 3.6 Armour
 - Level 3.6 Shields


You had 4 spell levels left.
You didn't know any spells.
Your spell library was empty.

Dungeon Overview and Level Annotations

Branches:
Dungeon (3/15)

Altars:


Innate Abilities, Weirdness & Mutations

You reflexively headbutt those who attack you in melee.
You have a pair of horns on your head.


Message History

You feel very mighty all of a sudden.
The orc shouts!
The orc closely misses you.
The orc priest calls down the wrath of Beogh upon you.
Beogh smites you!
* * * LOW HITPOINT WARNING * * *
You thump the orc priest!
You kill the orc priest!
An orc comes into view.
The orc hits you but does no damage.
You hit the orc.
The orc is heavily wounded.
The orc hits you.
* * * LOW HITPOINT WARNING * * *
You block the orc's attack. The orc hits you with a +0 mace.
* * * LOW HITPOINT WARNING * * *
An orc comes into view. It is wielding a +0 club.
The orc priest mumbles some strange prayers to Beogh against you.
Beogh smites you!
You die...

# #.# # .#.#.# #.
.....
###o###########...#
...oo.oo..........###
#..oo@.......).>...
###########.######
#.....)...##
#.#.###....#
#.#.<....# # ###....#
+....+ #....# +....+


You could see an orc priest and 6 orcs.

Vanquished Creatures
  A bullfrog (D:2)
  An orc priest (D:3)
  3 adders
  2 worms (D:2)
  4 dart slugs
  2 leopard geckos
  2 bats
  3 giant cockroaches
  2 goblins (D:1)
  3 hobgoblins
  6 kobolds
  A frilled lizard (D:2)
  3 rats (D:2)
33 creatures vanquished.

Notes
Turn   | Place    | Note
-------+----------+-------------------------------------------
     0 | D:1      | Curus the Minotaur Fighter began the quest for the Orb.
     0 | D:1      | Reached XP level 1. HP: 19/19 MP: 0/0
   164 | D:1      | Reached skill level 3 in Maces & Flails
   235 | D:1      | Reached XP level 2. HP: 26/26 MP: 1/1
   881 | D:2      | Reached skill level 4 in Maces & Flails
   920 | D:2      | Noticed a bullfrog
   925 | D:2      | Killed a bullfrog
   925 | D:2      | Reached skill level 5 in Maces & Flails
   925 | D:2      | Reached XP level 3. HP: 31/31 MP: 2/2
   925 | D:2      | Reached XP level 4. HP: 39/39 MP: 3/3
  1171 | D:2      | Reached skill level 6 in Maces & Flails
  1544 | D:3      | Reached XP level 5. HP: 37/45 MP: 4/4
  1562 | D:3      | Killed from afar by an orc priest

Levels and vault maps discovered:
D:1:      dpeg_arrival_concentric_ovals, layout_loops_corners
D:2:      layout_basic
D:3:      layout_basic, uniq_natasha

Skill      XL: |  1  2  3  4 |
---------------+-------------+-----
Maces & Flails | 3 5 6 |  6.7
Fighting       | |  3.6
Armour         | |  3.6
Shields        | |  3.6

Action                   |  1- 3 |  4- 6 || total
-------------------------+-------+-------++-------
Melee: Flail             |    33 |    69 ||   102
       Headbutt          |     7 |     6 ||    13
  Use: Potion            |     2 |     2 ||     4
       Scroll            |     4 |     1 ||     5
  Eat: Chunk             |       |     2 ||     2
Armor: Scale mail        |    11 |    32 ||    43
Dodge: Dodged            |     5 |    18 ||    23
Block: Shield            |    16 |    33 ||    49
